AoeStats
← Hayriii1907

Arena

510614789Analyzed
2v2 RM · 1d ago on Oct 1, 2026· 43m 19s· 4 players
Game mode
Random Map
Map size
Medium (4 player)
Population
200
Speed
Normal
Resources
Standard
Victory
Conquest
Starting age
Dark Age
Ending age
Imperial Age
RankedLock teamsTeams togetherTeam positionsShared explorationLock speedFull tech treeHidden civsTurbo modeCheats
Victory
Defeat
🇩🇪 Chinese · Germany
745
+13
🇩🇪 Cumans · Germany
607
+19
🇳🇱 Britons · Netherlands
785
-20
🇳🇱 Gurjaras · Netherlands
565
-12
StephTheDonut
12:40 Feudal Age
13:06 Double-Bit Axe
14:02 Wheelbarrow
15:08 Horse Collar
15:19 Town Watch
17:47 Fletching
22:45 Castle Age
20:40 Man-at-Arms
27:45 Castle Age
32:27 Light Cavalry
GladniVuk
10:37 Feudal Age
11:03 Loom
11:56 Double-Bit Axe
12:41 Horse Collar
23:11 Castle Age
22:34 Padded Archer Armor
22:24 Fletching
22:36 Stone Mining
22:36 Gold Mining
24:47 Gold Shaft Mining
23:56 Crossbowman
25:33 Heavy Plow
26:31 Bow Saw
30:57 Husbandry
35:54 Imperial Age
34:04 Wheelbarrow
36:15 Arbalester
37:06 Light Cavalry
Hayriii1907
9:00 Loom
11:38 Feudal Age
19:07 Fletching
19:17 Padded Archer Armor
29:39 Castle Age
29:40 Crossbowman
31:58 Thumb Ring
34:23 Double-Bit Axe
34:46 Capped Ram
36:31 Murder Holes
38:11 Leather Archer Armor
37:52 Bodkin Arrow
44:18 Imperial Age
Amigo
0:33 Loom
11:34 Feudal Age
12:16 Double-Bit Axe
13:08 Wheelbarrow
12:18 Horse Collar
12:31 Gold Mining
21:36 Castle Age
20:10 Stone Mining
22:32 Hand Cart
22:29 Bow Saw
23:13 Stone Shaft Mining
23:49 Gold Shaft Mining
24:49 Heavy Plow
28:09 Padded Archer Armor
28:00 Fletching
33:41 Imperial Age
31:23 Murder Holes
33:54 Caravan
34:33 Great Wall
35:47 Chemistry
34:49 Bodkin Arrow
36:01 Two-Man Saw
38:22 Ballistics
38:06 Elite Chu Ko Nu
Connection lost

Rejoining the realm…

Still unreachable

The connection could not be restored.

Session expired

The server has moved on; the page needs a fresh start.